 Dungeon Crawl Stone Soup version 0.28.0-62-gf88900778d (webtiles) character file.

Game seed: 14940312524127592230

231 AarnesTheHuman the Shield-Bearer (level 6, -1/53 HPs)
             Began as a Gnoll Fighter on Mar 20, 2023.
             Slain by a scorpion (4 damage)
             ... on level 4 of the Dungeon.
             The game lasted 00:03:05 (2995 turns).

AarnesTheHuman the Shield-Bearer (Gnoll Fighter)    Turns: 2995, Time: 00:03:05

Health: -1/53      AC:  7    Str: 17    XL:     6   Next: 4%
Magic:  8/8        EV: 13    Int:  8    God:
Gold:   140        SH:  5    Dex: 11    Spells: 8/8 levels left

rFire   . . .      SeeInvis .   a - +0 dagger (elec)
rCold   . . .      Faith    .   c - +0 buckler
rNeg    . . .      Spirit   .   e - +0 scale mail
rPois   .          Reflect  .   (no helmet)
rElec   .          Harm     .   (no cloak)
rCorr   .          Rampage  .   (no gloves)
Will    .....                   (no boots)
Stlth   ..........              (no amulet)
HPRegen 0.17/turn               q - +4 ring of evasion
MPRegen 0.11/turn               (no ring)

@: lethally poisoned (-1 -> -2)
A: fangs 1, strong nose, distributed training
a: no special abilities


You were on level 4 of the Dungeon.
You visited 1 branch of the dungeon, and saw 4 of its levels.

You collected 140 gold pieces.

Inventory:

Hand Weapons
 a - a +0 dagger of electrocution (weapon)
 b - a +0 hunting sling
 f - a +0 war axe
 w - a +0 vorpal war axe
Missiles
 g - 18 sling bullets
 h - 86 stones (quivered)
 l - 4 poisoned darts
Armour
 c - a +0 buckler (worn)
 e - a +0 scale mail (worn)
Jewellery
 q - a +4 ring of evasion (left hand)
 s - a ring of magical power
 v - a ring of poison resistance
Scrolls
 i - 2 scrolls of teleportation {unknown}
 j - 3 scrolls of identify {unknown}
 k - a scroll of amnesia {unknown}
 n - 2 scrolls of vulnerability {unknown}
 p - a scroll of enchant armour {unknown}
 r - a scroll of magic mapping {unknown}
 t - a scroll of summoning {unknown}
Potions
 d - 2 potions of might
 m - a potion of mutation {unknown}
 o - a potion of degeneration {unknown}
 u - a potion of brilliance {unknown}


   Skills:
 + Level 6.7 Fighting
 + Level 1.7 Short Blades
 + Level 1.7 Long Blades
 + Level 4.9 Axes
 + Level 1.7 Maces & Flails
 + Level 1.7 Polearms
 + Level 1.7 Staves
 + Level 1.7 Slings
 + Level 1.7 Bows
 + Level 1.7 Crossbows
 + Level 1.7 Throwing
 + Level 6.7 Armour
 + Level 1.7 Dodging
 + Level 1.7 Stealth
 + Level 6.7 Shields
 + Level 1.7 Unarmed Combat
 + Level 1.7 Spellcasting
 + Level 1.3 Conjurations
 + Level 1.3 Hexes
 + Level 1.3 Summonings
 + Level 1.3 Necromancy
 + Level 1.3 Translocations
 + Level 1.3 Transmutations
 + Level 1.3 Fire Magic
 + Level 1.3 Ice Magic
 + Level 1.3 Air Magic
 + Level 1.3 Earth Magic
 + Level 1.3 Poison Magic
 + Level 2.0 Invocations
 + Level 1.7 Evocations


You had 8 spell levels left.
You didn't know any spells.
Your spell library contained the following spells:

 Spells                   Type           Power      Damage    Failure   Level
 Foxfire                  Conj/Fire      8%         2x1d4     63%         1
 Conjure Flame            Conj/Fire      2%         6-21      94%         3
 Inner Flame              Hex/Fire       2%         N/A       94%         3
 Flame Wave               Conj/Fire      2%         2d4       100%        4


Dungeon Overview and Level Annotations

Branches:
Dungeon (4/15)
 Temple: D:4-7

Altars:
Gozag
Kikubaaqudgha

Shops:
D:1 =

Annotations:
D:3 1 runed translucent door, Sensen's ghost, amateur OgHu


Innate Abilities, Weirdness & Mutations

You have very sharp teeth.
Your uncanny sense of smell can sniff out nearby items.
Your experience applies equally to all skills.


Message History

You hit the scorpion but do no damage. Lightning courses through the scorpion!
You bite the scorpion.
The scorpion is severely wounded.
You feel very sick.
The scorpion stings you but does no damage.
You block the goblin's attack.
You closely miss the scorpion.
The scorpion is severely wounded.
* * * LOW HITPOINT WARNING * * *
You feel very sick. The scorpion barely misses you.
The goblin closely misses you.
You closely miss the scorpion.
The scorpion is severely wounded.
* * * LOW HITPOINT WARNING * * *
You feel very sick. You block the scorpion's attack. The goblin misses you.
* * * LOW HITPOINT WARNING * * *
You feel very sick. The scorpion closely misses you.
You hit the scorpion but do no damage.
The scorpion is severely wounded.
* * * LOW HITPOINT WARNING * * *
You feel sick. The scorpion closely misses you.
You hit the scorpion.
The scorpion is severely wounded.
You feel sick. The scorpion misses you.
You barely miss the scorpion.
You bite the scorpion, but do no damage.
The scorpion is severely wounded.
You feel sick. You block the scorpion's attack.
You hit the scorpion.
The scorpion is severely wounded.
You feel sick. The scorpion closely misses you.
You hit the scorpion but do no damage.
The scorpion is severely wounded.
You feel sick. The scorpion barely misses you.
You closely miss the scorpion. Your bite misses the scorpion.
The scorpion is severely wounded.
You feel sick. You block the scorpion's attack. The scorpion stings you.
You die...

. ..##### ###########
.......####...#<....#
.......#......'.)...#
.......#@.....#.....#
......gs......#.....#
.......#......#.....#
.......#..#####.....#
......##..## ##......
......#....# #......#
......#....# #......#
..... #....# .....
#....#


You could see a scorpion and a goblin.

Vanquished Creatures
  A phantom (D:2)
  A scorpion (D:2)
  2 adders
  4 dart slugs
  4 orcs (D:3)
  6 endoplasms
  3 giant cockroaches
  6 hobgoblins
  6 kobolds
  3 quokkas
  4 ball pythons
  8 bats
  3 frilled lizards
  9 goblins
  6 rats
66 creatures vanquished.

Vanquished Creatures (others)
  2 withered plants (D:3)
2 creatures vanquished.

Grand Total: 68 creatures vanquished

Notes
Turn   | Place    | Note
-------+----------+-------------------------------------------
     0 | D:1      | AarnesTheHuman the Gnoll Fighter began the quest for the
                  | Orb.
     0 | D:1      | Reached XP level 1. HP: 23/23 MP: 1/1
    24 | D:1      | Reached XP level 2. HP: 11/29 MP: 2/2
   495 | D:1      | Reached XP level 3. HP: 33/35 MP: 3/3
   562 | D:1      | Found Saniq's Jewellery Emporium.
   977 | D:1      | Reached skill level 1 in Invocations
  1112 | D:2      | Noticed a phantom
  1142 | D:2      | Killed a phantom
  1143 | D:2      | Reached skill level 1 in Short Blades
  1143 | D:2      | Reached skill level 1 in Long Blades
  1143 | D:2      | Reached skill level 1 in Maces & Flails
  1143 | D:2      | Reached skill level 1 in Polearms
  1143 | D:2      | Reached skill level 1 in Staves
  1143 | D:2      | Reached skill level 1 in Slings
  1143 | D:2      | Reached skill level 1 in Bows
  1143 | D:2      | Reached skill level 1 in Crossbows
  1143 | D:2      | Reached skill level 1 in Throwing
  1143 | D:2      | Reached skill level 1 in Dodging
  1143 | D:2      | Reached skill level 1 in Stealth
  1143 | D:2      | Reached skill level 1 in Unarmed Combat
  1143 | D:2      | Reached skill level 1 in Spellcasting
  1143 | D:2      | Reached skill level 1 in Conjurations
  1143 | D:2      | Reached skill level 1 in Hexes
  1143 | D:2      | Reached skill level 1 in Summonings
  1143 | D:2      | Reached skill level 1 in Necromancy
  1143 | D:2      | Reached skill level 1 in Translocations
  1143 | D:2      | Reached skill level 1 in Transmutations
  1143 | D:2      | Reached skill level 1 in Fire Magic
  1143 | D:2      | Reached skill level 1 in Ice Magic
  1143 | D:2      | Reached skill level 1 in Air Magic
  1143 | D:2      | Reached skill level 1 in Earth Magic
  1143 | D:2      | Reached skill level 1 in Poison Magic
  1143 | D:2      | Reached skill level 1 in Evocations
  1143 | D:2      | Reached XP level 4. HP: 15/41 MP: 5/5
  1143 | D:2      | Reached XP level 5. HP: 17/47 MP: 6/6
  2121 | D:3      | Found a runed translucent door.
  2122 | D:3      | Noticed Sensen's ghost (amateur OgHu)
  2374 | D:3      | Found an opulent altar of Gozag.
  2404 | D:3      | Found an ancient bone altar of Kikubaaqudgha.
  2637 | D:3      | Reached XP level 6. HP: 53/53 MP: 8/8
  2995 | D:4      | Slain by a scorpion

Illustrated notes

Levels and vault maps discovered:
D:1:      scummos_arrival_checkerplants, layout_rooms, serial_shops,
          shop_fountains, minmay_cut_off
D:2:      layout_loops_cross, chequers_decorated_corner
D:3:      layout_loops_corners, nicolae_kikubaaqudgha_miasma_corner,
          grunt_gozag_breadcrumbs, gammafunk_ghost_grave
D:4:      layout_gridville, nemelex_diamond_rough_becter,
          corexii_hall_statues_l, uniq_pikel

Skill      XL: |  1  2  3  4  5  6 |
---------------+-------------------+-----
Invocations    | 1 2 |  2.0
Short Blades   | 1 |  1.7
Long Blades    | 1 |  1.7
Maces & Flails | 1 |  1.7
Polearms       | 1 |  1.7
Staves         | 1 |  1.7
Slings         | 1 |  1.7
Bows           | 1 |  1.7
Crossbows      | 1 |  1.7
Throwing       | 1 |  1.7
Dodging        | 1 |  1.7
Stealth        | 1 |  1.7
Unarmed Combat | 1 |  1.7
Spellcasting   | 1 |  1.7
Conjurations   | 1 |  1.3
Hexes          | 1 |  1.3
Summonings     | 1 |  1.3
Necromancy     | 1 |  1.3
Translocations | 1 |  1.3
Transmutations | 1 |  1.3
Fire Magic     | 1 |  1.3
Ice Magic      | 1 |  1.3
Air Magic      | 1 |  1.3
Earth Magic    | 1 |  1.3
Poison Magic   | 1 |  1.3
Evocations     | 1 |  1.7
Fighting       | |  6.7
Axes           | |  4.9
Armour         | |  6.7
Shields        | |  6.7

Action                   |  1- 3 |  4- 6 || total
-------------------------+-------+-------++-------
Melee: War axe           |    18 |       ||    18
       Bite              |    14 |    11 ||    25
       Dagger            |   109 |   144 ||   253
Armor: Scale mail        |    44 |    42 ||    86
Dodge: Dodged            |    61 |    67 ||   128
Block: Buckler           |    24 |    38 ||    62
